 Dungeon Crawl Stone Soup version 0.31.0-32-g396128a36d (webtiles) character file.

Game seed: 9998678424816237022

1339 Jinxx the Poker (level 8, -1/58 HPs)
             Began as a Merfolk Alchemist on Apr 5, 2024.
             Was an Initiate of Qazlal.
             Slain by a sky beast (5 damage)
             ... on level 7 of the Dungeon.
             The game lasted 00:18:01 (5279 turns).

Jinxx the Poker (Merfolk Alchemist)                 Turns: 5279, Time: 00:18:02

Health: -1/58      AC:  4    Str:  9    XL:     8   Next: 61%
Magic:  13/13      EV: 13    Int: 16    God:    Qazlal [......]
Gold:   34         SH:  0    Dex: 14    Spells: 2/14 levels left

rFire   . . .        B - +4 great sword "Osteoj" {flame, rC+}
rCold   + . .        (shield currently unavailable)
rNeg    . . .        a - +0 robe
rPois   .            w - +0 helmet
rElec   .            h - +0 cloak
rCorr   .            (no gloves)
SInv    .            (no boots)
Will    .....        (no amulet)
Stlth   ++           (no ring)
HPRegen 0.29/turn    (no ring)
MPRegen 0.13/turn

%: no passive effects
@: no status effects
A: (nimble swimmer 2), mertail
a: Renounce Religion


You were on level 7 of the Dungeon.
You worshipped Qazlal.
Qazlal was noncommittal.
You visited 2 branches of the dungeon, and saw 8 of its levels.

You collected 367 gold pieces.
You spent 333 gold pieces at shops.

Inventory:

Hand Weapons
 g - a +4 scythe of venom
 B - the +4 great sword "Osteoj" (weapon) {flame, rC+}
   (You bought it in a shop on level 7 of the Dungeon)

   rC+:       It protects you from cold.
Missiles
 d - 12 boomerangs
 k - 2 throwing nets
Armour
 a - a +0 robe (worn)
 h - a +0 cloak (worn)
 w - a +0 helmet (worn)
Magical Staves
 j - a staff of cold
Wands
 q - a wand of iceblast (13)
Scrolls
 f - 2 scrolls of enchant weapon
 n - 2 scrolls of blinking {unknown}
 o - 3 scrolls of noise
 p - 2 scrolls of enchant armour {unknown}
 s - 4 scrolls of vulnerability
 t - a scroll of identify
 y - a scroll of teleportation {unknown}
 z - a scroll of fog {unknown}
 A - 2 scrolls of silence {unknown}
Potions
 b - 2 potions of magic
 c - a potion of might
 e - a potion of enlightenment {unknown}
 i - 3 potions of attraction
 l - 2 potions of cancellation
 m - a potion of ambrosia {unknown}
 r - a potion of haste {unknown}
 u - 2 potions of curing {unknown}
 v - a potion of berserk rage {unknown}
 x - a potion of brilliance {unknown}


   Skills:
 * Level 3.0 Fighting
 * Level 0.5 Long Blades
 + Level 6.4 Polearms
 * Level 1.6 Armour
 * Level 4.4 Dodging
 + Level 2.7 Stealth
 * Level 3.8 Spellcasting
 + Level 1.7 Conjurations
 * Level 1.4 Translocations
 * Level 1.2 Ice Magic
 * Level 1.3 Air Magic
 * Level 6.3 Alchemy
 * Level 1.2 Invocations
 * Level 1.9 Evocations


You had 2 spell levels left.
You knew the following spells:

 Your Spells              Type           Power      Damage    Failure   Level
a - Sting                 Conj/Alch      64%        1d7       3%          1
b - Olgreb's Toxic Radia  Alch           23%        N/A       12%         4
c - Mephitic Cloud        Conj/Alch/Air  13%        N/A       14%         3
d - Mercury Vapours       Alch/Air       30%        N/A       5%          2
e - Blink                 Tloc           14%        N/A       14%         2

Your spell library contained the following spells:

 Spells                   Type           Power      Damage    Failure   Level
 Lesser Beckoning         Tloc           14%        N/A       14%         2
 Momentum Strike          Conj/Tloc      16%        3d8       14%         2
 Gell's Gravitas          Tloc           7%         N/A       28%         3
 Teleport Other           Tloc           7%         N/A       28%         3
 Sticky Flame             Fire/Alch      13%        2d5       43%         4


Dungeon Overview and Level Annotations

Branches:
Dungeon (7/15)             Temple (1/1) D:5

Altars:
Ashenzari
Cheibriados
Dithmenos
Elyvilon
Fedhas
Gozag
Hepliaklqana
Kikubaaqudgha
Makhleb
Nemelex Xobeh
Okawaru
Qazlal
Ru
Sif Muna
Trog
Uskayaw
Vehumet
Wu Jian
Xom
Yredelemnul
Zin
The Shining One

Shops:
D:7 *


Innate Abilities, Weirdness & Mutations

((You are very nimble when in or above water. (Stealth+, EV+, Speed+++)))
Your lower body shifts to a powerful aquatic tail in water.


Message History

The wyvern is moderately wounded.
The wyvern completely misses you. The wyvern barely misses you. x2
You slice the wyvern!! You burn the wyvern!
You kill the wyvern!
Qazlal accepts your kill.
Your Fighting skill increases to level 3!
Unknown command.
You start resting.
Magic restored.
You start resting.
You feel a little less mighty now.
You start resting.
A sky beast comes into view.
A sky beast is nearby!
The sky beast flickers out of sight!
Deactivating autopickup; reactivate with Ctrl-A.
Something hits you. Something shocks you.
You see here a hound corpse.
You miss something. Something barely misses you.
You miss something. Something hits you. Something shocks you.
Something hits you but does no damage.
You hit something. You burn something.
Something hits you but does no damage. x2
You closely miss something. Something hits you. Something shocks you.
You barely miss something. Something hits you but does no damage.
Something hits you. Something shocks you.
* * * LOW HITPOINT WARNING * * *
You miss something. Something hits you but does no damage. Something hits you.
* * * LOW HITPOINT WARNING * * *
Something shocks you.
* * * LOW HITPOINT WARNING * * *
Something completely misses you. Something barely misses you.
A sky beast appears from thin air!
Reactivating autopickup.
You barely miss the sky beast.
The sky beast is lightly wounded.
The sky beast hits you.
* * * LOW HITPOINT WARNING * * *
The sky beast shocks you.
You die...

###♣∩♣.##......
#.....#######
#♣#..........
###.#..####
###....##
#####.......##
#.....####...###
#....##
#.#...### #....#
#....@Y§###
#..).#
######....####.#
#...##
###..†....#
#...## ##......#
###..#
####..[... ##.#
#.#... #.## .#
## #..# # ##.#


You could see a sky beast.

Vanquished Creatures
  Sigmund (D:2)
  A wyvern (D:7)
  An ice beast (D:5)
  An ogre (D:7)
  2 centaurs
  A phantom (D:5)
  2 scorpions
  A howler monkey (D:6)
  4 hounds
  2 jellies (D:6)
  Jessica (D:3)
  An iguana (D:6)
  An orc wizard (D:4)
  8 adders
  3 gnolls (D:2)
  A white imp (D:7)
  4 ufetubi
  3 ribbon worms
  3 dart slugs
  8 orcs
  2 bats
  3 endoplasms
  A giant cockroach (D:3)
  4 hobgoblins
  2 quokkas
  5 ball pythons
  4 frilled lizards
  4 goblins
  6 kobolds
  4 rats
84 creatures vanquished.

Notes
Turn   | Place    | Note
-------+----------+-------------------------------------------
     0 | D:1      | Jinxx the Merfolk Alchemist began the quest for the Orb.
     0 | D:1      | Reached XP level 1. HP: 13/13 MP: 3/3
    87 | D:1      | Found a faded altar of an unknown god.
   136 | D:1      | Reached XP level 2. HP: 14/19 MP: 0/5
   980 | D:2      | Noticed Sigmund
   987 | D:2      | Killed Sigmund
   988 | D:2      | Reached skill level 1 in Fighting
   988 | D:2      | Reached skill level 1 in Polearms
   988 | D:2      | Reached skill level 1 in Conjurations
   988 | D:2      | Reached skill level 5 in Alchemy
   988 | D:2      | Reached XP level 3. HP: 26/26 MP: 0/7
   988 | D:2      | Reached XP level 4. HP: 32/32 MP: 0/8
   988 | D:2      | Reached XP level 5. HP: 37/37 MP: 0/9
   997 | D:2      | Learned a level 4 spell: Olgreb's Toxic Radiance
  1001 | D:2      | Learned a level 3 spell: Mephitic Cloud
  1102 | D:2      | Found a blossoming altar of Fedhas.
  1291 | D:2      | Reached XP level 6. HP: 9/43 MP: 7/10
  1294 | D:2      | Learned a level 2 spell: Mercury Vapours
  2131 | D:3      | Noticed Jessica
  2135 | D:3      | Killed Jessica
  2455 | D:4      | Reached skill level 1 in Armour
  2925 | D:4      | Reached XP level 7. HP: 44/49 MP: 12/12
  2928 | D:4      | Learned a level 2 spell: Blink
  3168 | D:5      | Entered Level 5 of the Dungeon
  3191 | D:5      | Reached skill level 1 in Evocations
  3373 | D:5      | Found a shimmering blue altar of Sif Muna.
  3616 | D:5      | Reached skill level 5 in Polearms
  3665 | D:5      | Found a staircase to the Ecumenical Temple.
  3683 | Temple   | Entered the Ecumenical Temple
  3714 | Temple   | Became a worshipper of Qazlal Stormbringer
  4374 | D:6      | Reached XP level 8. HP: 31/56 MP: 13/13
  4434 | D:6      | Reached skill level 1 in Air Magic
  4646 | D:6      | Reached skill level 1 in Translocations
  5075 | D:7      | Reached skill level 1 in Invocations
  5104 | D:7      | Found Fuicsyot's Assorted Antiques.
  5110 | D:7      | Bought a polished great sword for 333 gold pieces
  5110 | D:7      | Identified the +4 great sword "Osteoj" {flame, rC+} (You
                  | bought it in a shop on level 7 of the Dungeon)
  5129 | D:7      | Noticed a wyvern
  5131 | D:7      | Reached skill level 1 in Ice Magic
  5136 | D:7      | HP: 2/57 [wyvern (1)]
  5138 | D:7      | Killed a wyvern
  5279 | D:7      | Slain by a sky beast

Illustrated notes

Levels and vault maps discovered:
D:1:      psy_arrival_fountain, layout_loops_ring,
          dreamdust_ecumenical_altar_grove
D:2:      layout_basic, basic_altar, chequers_avenue, uniq_sigmund
D:3:      layout_rooms, uniq_jessica
D:4:      layout_basic, minivault_23
D:5:      layout_loops_cross, mainiacjoe_overflow_concentric_impassable,
          temple_statues
D:6:      layout_rooms, nrook_loot_triangle, minmay_misc_feat_pillars,
          nrook_pool_corridor
D:7:      layout_rooms, gammafunk_ghost_arena, serial_shops, nicolae_shop_trees
Temple:   grunt_wide_crystal_templ

Skill      XL: |  1  2  3  4  5  6  7  8 |
---------------+-------------------------+-----
Fighting       | 1 2 3 |  3.0
Polearms       | 1 3 5 6 |  6.4
Dodging        | 3 4 |  4.4
Spellcasting   | 3 |  3.8
Conjurations   | 1 |  1.7
Alchemy        | 5 6 |  6.3
Armour         | 1 |  1.6
Evocations     | 1 |  1.9
Air Magic      | 1 |  1.3
Translocations | 1 |  1.4
Invocations    | 1 |  1.2
Ice Magic      | 1 |  1.2
Long Blades    | |  0.5
Stealth        | |  2.7

Action                     |  1- 3 |  4- 6 |  7- 9 || total
---------------------------+-------+-------+-------++-------
  Melee: Unarmed           |    11 |       |       ||    11
         Spear             |    12 |       |       ||    12
         Halberd           |       |   100 |    60 ||   160
         Great sword       |       |       |    13 ||    13
   Cast: Sting             |    24 |     9 |    35 ||    68
         Mephitic Cloud    |       |     1 |       ||     1
         Olgreb's Toxic Ra |       |       |     1 ||     1
    Use: Scroll            |       |       |     5 ||     5
         Potion            |       |       |     1 ||     1
   Stab: Sleeping          |     1 |     3 |       ||     4
         Distracted        |       |     1 |       ||     1
 Armour: Robe              |     4 |    57 |    78 ||   139
  Dodge: Dodged            |    16 |    71 |    66 ||   153
